 Dungeon Crawl Stone Soup version 0.30-a0-6-g7c9e10e132 (webtiles) character file.

Game seed: 15838881037538606401

903 frimble the Trooper (level 7, -1/54 HPs)
             Began as a Demonspawn Air Elementalist on Aug 23, 2022.
             Was an Initiate of Cheibriados.
             Slain by a gnoll bouda
             ... wielding a +0 whip
              (5 damage)
             ... on level 5 of the Dungeon.
             The game lasted 00:05:45 (6431 turns).

frimble the Trooper (Demonspawn Air Elementalist)   Turns: 6431, Time: 00:05:46

Health: -1/54      AC:  7    Str: 10    XL:     7   Next: 80%
Magic:  7/10       EV: 10    Int: 17    God:    Cheibriados [......]
Gold:   170        SH:  0    Dex: 16    Spells: 5/10 levels left

rFire   . . .      SeeInvis .    a - +0 long sword (protect)
rCold   . . .      Faith    .    (no shield)
rNeg    + . .      Spirit   .    c - +2 ring mail {rN+}
rPois   .          Reflect  .    (no helmet)
rElec   .          Harm     .    (no cloak)
rCorr   .          Rampage  .    (no gloves)
Will    .....                    (no boots)
Stlth   +.........               (no amulet)
HPRegen 0.18/turn                q - ring of wizardry
MPRegen 0.12/turn                (no ring)

@: weakened, very slow
A: hooves 2, powered by death 1, demonic magic 1
a: Renounce Religion


You were on level 5 of the Dungeon.
You worshipped Cheibriados.
Cheibriados was noncommittal.
You visited 2 branches of the dungeon, and saw 6 of its levels.

You collected 170 gold pieces.

Inventory:

Hand Weapons
 a - a +0 long sword of protection (weapon)
 b - the +7 sling of Greed {flame, Str+6}
   (You found it on level 3 of the Dungeon)

   Any ammunition fired from it burns those it strikes, dealing additional fire
   damage.
   Str:       It affects your strength (+6).
Armour
 c - a +2 ring mail of positive energy (worn)
 i - a +0 robe
Jewellery
 q - a ring of wizardry (left hand)
Wands
 k - a wand of iceblast (21)
 p - a wand of paralysis (3)
Scrolls
 d - 2 scrolls of teleportation
 e - 2 scrolls of fear
 f - a scroll of poison
 g - a scroll of amnesia
 h - a scroll of immolation
 r - 2 scrolls of butterflies {unknown}
 t - 2 scrolls of identify
 v - a scroll of enchant weapon {unknown}
 y - a scroll of magic mapping
Potions
 j - 3 potions of might {unknown}
 l - 3 potions of flight {unknown}
 m - a potion of resistance {unknown}
 n - 2 potions of attraction {unknown}
 o - a potion of lignification {unknown}
 s - a potion of degeneration {unknown}
 u - a potion of mutation {unknown}
 w - 2 potions of curing {unknown}
 x - a potion of magic
 z - 2 potions of haste {unknown}
 A - 3 potions of brilliance {unknown}


   Skills:
 + Level 4.2 Fighting
 - Level 1.4 Long Blades
 + Level 4.1 Ranged Weapons
 - Level 1.7 Dodging
 - Level 1.7 Stealth
 - Level 2.0 Spellcasting
 - Level 3.0 Conjurations
 - Level 3.0 Translocations
 - Level 4.0 Air Magic


You had 5 spell levels left.
You knew the following spells:

 Your Spells              Type           Power      Damage    Failure   Level
a - Shock                 Conj/Air       52%        1d6       4%          1
b - Apportation           Tloc           22%        N/A       6%          1
c - Frozen Ramparts       Ice            2%         1d1       50%         3

Your spell library contained the following spells:

 Spells                   Type           Power      Damage    Failure   Level
 Static Discharge         Conj/Air       13%        3-5/arc   8%          2
 Foxfire                  Conj/Fire      24%        2x1d5     11%         1
 Swiftness                Air            15%        N/A       12%         3
 Necrotise                Necr           4%         1d4       21%         1
 Summon Small Mammal      Summ           4%         N/A       21%         1
 Conjure Flame            Conj/Fire      6%         6-21      32%         3
 Dazzling Flash           Conj/Hex       12%        N/A       32%         3
 Airstrike                Air            7%         2d(2-18)  34%         4
 Iskenderun's Mystic Bla  Conj/Tloc      11%        2d4       47%         4
 Call Canine Familiar     Summ           1%         N/A       50%         3
 Inner Flame              Hex/Fire       1%         N/A       50%         3
 Summon Guardian Golem    Hex/Summ       1%         N/A       50%         3
 Flame Wave               Conj/Fire      6%         2d5       69%         4
 Ice Form                 Ice/Tmut       1%         N/A       86%         4
 Summon Ice Beast         Ice/Summ       1%         N/A       86%         4
 Alistair's Intoxication  Tmut/Pois      0%         N/A       99%         5
 Starburst                Conj/Fire      3%         6d3       100%        6


Dungeon Overview and Level Annotations

Branches:
Dungeon (5/15)             Temple (1/1) D:4

Altars:
Ashenzari
Cheibriados
Dithmenos
Fedhas
Gozag
Hepliaklqana
Kikubaaqudgha
Makhleb
Nemelex Xobeh
Okawaru
Qazlal
Ru
Sif Muna
Trog
Uskayaw
Vehumet
Xom
Yredelemnul


Innate Abilities, Weirdness & Mutations

You have hoof-like feet.
You regenerate a little health from kills.
Spells you cast may paralyse adjacent enemies.


Message History

The gnoll barely misses you. The gnoll closely misses you.
The gnoll bouda hits you but does no damage.
The gnoll barely misses you.
Aiming: Shock (safe; 4% risk of failure)
Press: ? - help, Q - select action, (/) - cycle Shift-Dir - straight line, f - gnoll
Aim: a gnoll, wielding a +0 spear (moderately wounded, covering ground quickly, 72% to hit)
The zap hits the gnoll bouda.
The gnoll bouda is heavily wounded.
The zap hits the gnoll.
The gnoll is moderately wounded.
The zap hits the gnoll.
The gnoll is heavily wounded.
Malevolent energies surge around you.
Your attacks no longer feel as feeble.
The gnoll closely misses you. The gnoll hits you but does no damage.
The gnoll bouda closely misses you. The gnoll hits you but does no damage.
You barely miss the gnoll bouda.
The gnoll bouda is heavily wounded.
The gnoll hits you from afar with a +0 halberd.
* * * LOW HITPOINT WARNING * * *
The gnoll hits you but does no damage. x2
The gnoll bouda gazes fiercely through you!
You feel your attacks grow feeble. The gnoll bouda closely misses you.
Aiming: Shock (safe; 4% risk of failure)
Press: ? - help, Q - select action, (/) - cycle Shift-Dir - straight line, f/p - gnoll
Aim: a gnoll, wielding a +0 spear (heavily wounded, covering ground quickly, 72% to hit)
The zap hits the gnoll bouda.
The gnoll bouda is severely wounded.
The zap hits the gnoll.
The gnoll is heavily wounded.
The zap hits the gnoll.
The gnoll is heavily wounded.
Malevolent energies surge around you.
The gnoll hits you from afar with a +0 halberd!
* * * LOW HITPOINT WARNING * * *
The gnoll hits you from afar with a +0 spear.
* * * LOW HITPOINT WARNING * * *
The gnoll bouda hits you with a +0 whip.
You die...

#.##.###.#
#.##.....#
#.#
#.#####..#
#.# #..#
#.# #..#
#.#
##..###g##
....


ggg ##..# #g# #..###@# #......# #.###### #. ## You could see a gnoll bouda and 4
gnolls.

Vanquished Creatures
  Prince Ribbit (D:5)
  Duvessa (D:5)
  An ice beast (D:5)
  2 phantoms (D:5)
  2 scorpions
  Dowan (D:5)
  3 orc wizards
  5 adders
  A white imp (D:3)
  3 worms
  3 dart slugs
  8 orcs
  9 bats
  6 endoplasms
  7 giant cockroaches
  4 goblins
  7 hobgoblins
  6 jackals
  4 quokkas
  4 ball pythons
  5 frilled lizards (D:1)
  5 kobolds
  4 rats
92 creatures vanquished.

Notes
Turn   | Place    | Note
-------+----------+-------------------------------------------
     0 | D:1      | frimble the Demonspawn Air Elementalist began the quest for
                  | the Orb.
     0 | D:1      | Reached XP level 1. HP: 13/13 MP: 3/3
    93 | D:1      | Gained mutation: Spells you cast may paralyse adjacent
                  | enemies. [demonic ancestry]
    93 | D:1      | Reached XP level 2. HP: 13/20 MP: 1/5
   275 | D:1      | Reached skill level 1 in Fighting
   736 | D:1      | Reached XP level 3. HP: 25/26 MP: 6/6
  1241 | D:1      | Learned a level 1 spell: Apportation
  2448 | D:2      | Noticed an eye of devastation
  2519 | D:2      | Noticed a floating eye
  2521 | D:2      | Found a faded altar of an unknown god.
  2522 | D:2      | Noticed a floating eye
  2522 | D:2      | Noticed an eye of devastation
  2818 | D:2      | Gained mutation: You have large cloven feet. [demonic
                  | ancestry]
  2818 | D:2      | Reached XP level 4. HP: 33/33 MP: 7/7
  3298 | D:3      | Reached skill level 1 in Long Blades
  3313 | D:3      | Reached skill level 1 in Translocations
  3586 | D:3      | Reached XP level 5. HP: 25/38 MP: 6/8
  3977 | D:3      | Learned a level 3 spell: Frozen Ramparts
  4088 | D:3      | Identified the +7 sling of Greed {flame, Str+6}
  4620 | D:4      | Found a staircase to the Ecumenical Temple.
  4871 | Temple   | Entered the Ecumenical Temple
  5063 | Temple   | Became a worshipper of Cheibriados the Contemplative
  5483 | D:5      | Entered Level 5 of the Dungeon
  5572 | D:5      | Reached skill level 1 in Ranged Weapons
  5883 | D:5      | Noticed Duvessa
  5885 | D:5      | Noticed Dowan
  5893 | D:5      | Killed Duvessa
  5894 | D:5      | Gained mutation: You have hoof-like feet. [demonic
                  | ancestry]
  5894 | D:5      | Reached XP level 6. HP: 31/44 MP: 6/9
  5902 | D:5      | Killed Dowan
  6208 | D:5      | Noticed Prince Ribbit
  6211 | D:5      | Noticed an ice beast
  6214 | D:5      | Killed Prince Ribbit
  6215 | D:5      | Gained mutation: You regenerate a little health from kills.
                  | [demonic ancestry]
  6215 | D:5      | Reached XP level 7. HP: 52/52 MP: 10/10
  6431 | D:5      | Slain by a gnoll bouda

Illustrated notes

Levels and vault maps discovered:
D:1:      minmay_arrival_up_and_down, layout_rooms
D:2:      layout_loops_corners, hellmonk_ecumenical_altar_watching_god
D:3:      layout_loops_ring, chequers_serial_rivers_marsh,
          chequers_serial_rivers_large_b
D:4:      layout_loops_ring, minmay_temple_entry_wispy
D:5:      layout_loops_ring, uniq_prince_ribbit1, uniq_duvessa
Temple:   nicolae_temple_bog_church

Skill      XL: |  1  2  3  4  5  6  7 |
---------------+----------------------+-----
Fighting       | 1 2 3 4 |  4.2
Air Magic      | 3 4 |  4.0
Conjurations   | 2 3 |  3.0
Long Blades    | 1 |  1.4
Translocations | 1 2 3 |  3.0
Ranged Weapons | 1 3 4 |  4.1
Dodging        | |  1.7
Stealth        | |  1.7
Spellcasting   | |  2.0

Action                   |  1- 3 |  4- 6 |  7- 9 || total
-------------------------+-------+-------+-------++-------
Melee: Whip              |    19 |       |       ||    19
       Spear             |    20 |       |       ||    20
       Long sword        |    84 |    74 |    34 ||   192
       Punch             |     1 |     1 |       ||     2
       Kick              |       |    16 |    13 ||    29
 Fire: Sling             |       |    36 |       ||    36
 Cast: Shock             |    17 |    18 |    10 ||    45
  Use: Scroll            |     9 |       |       ||     9
 Stab: Paralysed         |     6 |    11 |     8 ||    25
       Sleeping          |     6 |     4 |       ||    10
Armor: Robe              |    41 |    27 |       ||    68
       Ring mail         |       |    16 |    42 ||    58
Dodge: Dodged            |   104 |    66 |    48 ||   218

Table legend: (Time is in decaauts)
 A = Elapsed time spent in this place.
 B = Non-inter-level travel time spent in this place.
 C = Inter-level travel time spent in this place.
 D = Time resting spent in this place.
 E = Time spent auto-exploring this place.
 F = Levels seen in this place.
 G = Mean time per level.
                   A        B        C        D        E       F      G
               +--------+--------+--------+--------+--------+-----+--------+
         Total |   6771 |   6537 |    234 |    100 |   5580 |   6 | 1128.5 |
       Dungeon |   6570 |   6364 |    206 |    100 |   5421 |   5 | 1314.0 |
        Temple |    200 |    173 |     27 |      0 |    159 |   1 |  200.0 |
               +--------+--------+--------+--------+--------+-----+--------+

Top non-repeatable levels by time:
     D:2: 1781 daAuts
     D:3: 1633 daAuts
     D:1: 1277 daAuts
     D:5: 1059 daAuts
     D:4: 818 daAuts
  Temple: 200 daAuts
